 Dungeon Crawl Stone Soup version 0.26.0-10-g1f06aea511 (webtiles) character file.

Game seed: 15961115348334415422

347 sanka the Ducker (level 6, -8/37 HPs)
             Began as a Deep Elf Hunter on Jan 21, 2021.
             Killed by divine providence
             ... invoked by an orc priest
              (11 damage)
             ... on level 3 of the Dungeon.
             The game lasted 00:07:12 (4424 turns).

sanka the Ducker (Deep Elf Hunter)                  Turns: 4424, Time: 00:07:12

Health: -8/37      AC:  4    Str: 10    XL:     6   Next: 33%
Magic:  8/8        EV: 16    Int: 16    God:
Gold:   146        SH:  0    Dex: 16    Spells: 5/5 levels left

rFire    . . .     SeeInvis .   a - +1 short sword (elec)
rCold    . . .     Faith    .   (no shield)
rNeg     . . .     Spirit   .   c - +0 leather armour
rPois    .         Reflect  .   n - +0 helmet
rElec    .         Harm     .   (no cloak)
rCorr    .         Rampage  .   (no gloves)
Will     .....                  (no boots)
Stlth    ++........             (no amulet)
HPRegen  0.12/turn              (no ring)
MPRegen  0.11/turn              h - ring of flight

@: lethally poisoned (-8 -> -15)
A: no striking features
a: Evoke Flight


You were on level 3 of the Dungeon.
You visited 1 branch of the dungeon, and saw 3 of its levels.

You collected 146 gold pieces.


   Skills:
 - Level 3.0 Fighting
 - Level 6.0 Bows
 + Level 6.6 Dodging
 - Level 2.0 Stealth


You had 5 spell levels left.
You didn't know any spells.
Your spell library contained the following spells:

 Spells                   Type           Power        Failure   Level
 Beastly Appendage        Tmut           0%           34%         1
 Wereblood                Tmut           0%           45%         2
 Spider Form              Tmut/Pois      0%           71%         3
 Ice Form                 Ice/Tmut       0%           98%         4
 Blade Hands              Tmut           0%           100%        5

Inventory:

Hand Weapons
 a - a +1 short sword of electrocution (weapon)
 b - a +1 shortbow
Missiles
 o - 20 arrows
 p - 2 curare-tipped darts {=f}
Armour
 c - a +0 leather armour (worn)
 n - a +0 helmet (worn)
Jewellery
 h - a ring of flight (right hand)
Wands
 s - a wand of flame (19)
Scrolls
 i - 5 scrolls of identify {unknown}
 j - 2 scrolls of magic mapping {unknown}
 k - a scroll of teleportation {unknown}
 m - a scroll of noise {unknown}
 r - 3 scrolls of remove curse {unknown}
Potions
 d - a potion of attraction {unknown}
 e - a potion of degeneration {unknown}
 f - 2 potions of lignification {unknown}
 l - a potion of brilliance {unknown}
 q - a potion of mutation {unknown}

Dungeon Overview and Level Annotations

Branches:
Dungeon (3/15)

Altars:
Cheibriados
Dithmenos
Hepliaklqana
Yredelemnul

Annotations:
D:2 1 runed translucent door, Crazy Yiuf

....▒ ▒.▒ ▒...... ..l.£▒▒▒▒▒
▒.▒▒▒...... ....▒..▒ ▒...▒▒.▒▒▒.
▒....▒ ▒...▒▒▒▒▒▒. ▒▒▒..▒
▒▒.▒▒...▒.. ▒....▒ ▒...'...▒..
▒.▒..▒▒▒+▒▒▒▒▒.▒...▒..
▒▒▒▒▒▒▒▒▒▒▒.▒.o▒.....▒▒..▒▒▒▒▒..
▒...........▒.oe..).....▒▒ ▒<.
▒.............S▒.....▒▒▒▒ ▒.▒
▒..........▒▒▒▒▒▒▒'▒▒▒ ▒▒.▒
▒...S......▒ ▒...▒ ▒g..
▒...S...<..▒ ▒§.☼▒ ▒.▒.
▒>..<......▒ ▒...▒ ▒.▒▒
▒▒▒▒▒▒▒▒▒▒▒▒ ▒§.☼▒▒▒▒▒ ▒.▒
▒._.▒▒..▒▒▒▒▒.▒▒
▒§.§▒▒▒....▒...▒


You could see an orc priest, an adder and an orc.


Message History

The orc hits you.
* * * LOW HITPOINT WARNING * * *
The orc priest barely misses you. The orc closely misses you.
You closely miss the orc priest.
The orc priest is severely wounded.
The adder bites you.
* * * LOW HITPOINT WARNING * * *
The orc priest invokes the aid of Beogh against you.
Pain shoots through your body!
* * * LOW HITPOINT WARNING * * *
The orc closely misses you. The adder bites you.
* * * LOW HITPOINT WARNING * * *
You are poisoned.
The adder poisons you! The orc priest hits you.
* * * LOW HITPOINT WARNING * * *
The orc barely misses you.
Unknown command.
You hit the orc priest.
The orc priest is almost dead.
You feel sick. The adder bites you.
* * * LOW HITPOINT WARNING * * *
You are more poisoned.
The adder poisons you!
The orc priest mumbles some strange prayers to Beogh against you.
Beogh smites you!
You die...

Action                   |  1- 3 |  4- 6 || total
-------------------------+-------+-------++-------
Melee: Short sword       |    87 |   183 ||   270
       Unarmed           |       |    11 ||    11
 Fire: Shortbow          |    40 |    11 ||    51
  Use: Potion            |       |     3 ||     3
 Stab: Sleeping          |     4 |       ||     4
Armor: Leather armour    |    23 |    36 ||    59
       Skin              |       |    10 ||    10
Dodge: Dodged            |    75 |   167 ||   242

Levels and vault maps discovered:
D:1:      dpeg_arrival_lava_altar, layout_basic, minmay_misc_feat_square,
          bh_walls_and_bars
D:2:      layout_loops_cross, nzn_hepliaklqana_mist_gate, uniq_robin,
          uniq_crazy_yiuf_cottage
D:3:      minmay_goblin_kobold_castle, layout_rooms,
          grunt_temple_overflow_holy_war, nicolae_dithmenos_shadow_blocks,
          eino_tiny_chamber, kennysheep_minor_cross, st_stairs_13,
          corexii_leaking_fountain, cheibriados_altar_1, uniq_ijyb

Notes
Turn   | Place    | Note
-------+----------+-------------------------------------------
     0 | D:1      | sanka the Deep Elf Hunter began the quest for the Orb.
     0 | D:1      | Reached XP level 1. HP: 12/12 MP: 3/3
   604 | D:1      | Reached XP level 2. HP: 15/17 MP: 4/4
   808 | D:1      | Found a basalt altar of Yredelemnul.
   967 | D:2      | Reached skill level 2 in Stealth
  1046 | D:2      | Reached skill level 2 in Fighting
  1094 | D:2      | Reached skill level 3 in Dodging
  1101 | D:2      | Reached XP level 3. HP: 20/21 MP: 5/5
  1619 | D:2      | Noticed Robin
  1945 | D:1      | Reached skill level 6 in Bows
  2043 | D:2      | Killed Robin
  2044 | D:2      | Reached XP level 4. HP: 25/27 MP: 6/6
  2101 | D:2      | Found a runed translucent door.
  2107 | D:2      | Noticed Crazy Yiuf
  2313 | D:2      | Found a hazy altar of Hepliaklqana.
  2467 | D:3      | Noticed Ijyb
  2751 | D:3      | Killed Ijyb
  2752 | D:3      | Reached skill level 4 in Dodging
  2795 | D:3      | Found a shadowy altar of Dithmenos.
  3050 | D:3      | Reached XP level 5. HP: 21/32 MP: 7/7
  3072 | D:3      | Reached skill level 3 in Fighting
  3072 | D:3      | Reached skill level 5 in Dodging
  3584 | D:3      | Found a snail-covered altar of Cheibriados.
  3605 | D:3      | Noticed a centaur
  3613 | D:3      | Killed a centaur
  3614 | D:3      | Reached skill level 6 in Dodging
  3614 | D:3      | Reached XP level 6. HP: 22/37 MP: 8/8
  4390 | D:3      | Found a basalt altar of Yredelemnul.
  4422 | D:3      | HP: 2/37 [orc priest/nerve-wracking pain (11)]
  4424 | D:3      | Killed from afar by an orc priest

Vanquished Creatures
  A centaur (D:3)
  A bullfrog (D:3)
  Ijyb (D:3)
  Robin (D:2)
  4 adders
  A gnoll (D:3)
  2 oozes (D:2)
  2 worms
  3 dart slugs
  2 leopard geckos
  7 orcs (D:3)
  2 ball pythons (D:3)
  6 bats
  2 giant cockroaches (D:2)
  18 goblins
  15 hobgoblins
  4 jackals (D:2)
  7 kobolds
  3 rats
82 creatures vanquished.

Table legend: (Time is in decaauts)
 A = Elapsed time spent in this place.
 B = Non-inter-level travel time spent in this place.
 C = Inter-level travel time spent in this place.
 D = Time resting spent in this place.
 E = Time spent auto-exploring this place.
 F = Levels seen in this place.
 G = Mean time per level.
                   A        B        C        D        E       F      G
               +--------+--------+--------+--------+--------+-----+--------+
         Total |   4422 |   4292 |    130 |   1810 |   1628 |   3 | 1474.0 |
       Dungeon |   4422 |   4292 |    130 |   1810 |   1628 |   3 | 1474.0 |
               +--------+--------+--------+--------+--------+-----+--------+

Top non-repeatable levels by time:
     D:3: 1609 daAuts
     D:2: 1529 daAuts
     D:1: 1283 daAuts
